 Dungeon Crawl Stone Soup version 0.19-a0-1790-g026f1ef (webtiles) character file.

7419 arcticwasd the Basher (level 10, -10/81 HPs)
             Began as a Yellow Draconian Berserker on Oct 4, 2016.
             Was a High Priest of Trog.
             Mangled by a white ugly thing (26 damage)
             ... on level 10 of the Dungeon.
             The game lasted 01:04:45 (9865 turns).

arcticwasd the Basher (Yellow Draconian Berserker)  Turns: 9865, Time: 01:04:46

Health: -10/81     AC: 10    Str: 23    XL:     10   Next: 93%
Magic:  10/10      EV: 17    Int:  8    God:    Trog [*****.]
Gold:   409        SH:  0    Dex: 14    Spells: 0 memorised, 9 levels left

rFire  . . .     SeeInvis +     o - +1 whip (elec)
rCold  . . .     Gourm    .     (armour unavailable)
rNeg   . . .     Faith    .     (no shield)
rPois  .         Spirit   .     O - +2 hat
rElec  .         Dismiss  .     T - +0 cloak of Aticoimm {Dex+4 SInv} (curse)
rCorr  +         Reflect  .     (no gloves)
MR     .....     Harm     .     (no boots)
Stlth  +++....... Rnd*Rage +    (no amulet)
                                (no ring)
                                (no ring)

@: no status effects
A: spit acid, acid resistance, unfitting armour, berserk 1, frail 1, sense
surroundings 1, cold-blooded, AC +7
a: Spit Acid, Berserk, Trog's Hand, Brothers in Arms, Burn Spellbooks, Renounce
Religion


You were on level 10 of the Dungeon.
You worshipped Trog.
Trog was extremely pleased with you.
You were not hungry.

You visited 1 branch of the dungeon, and saw 10 of its levels.

You collected 489 gold pieces.
You spent 80 gold pieces at shops.

Inventory:

Hand Weapons
 d - a +5 hunting sling of flaming
 o - a +1 whip of electrocution (weapon)
 v - a +0 halberd
 w - a +2 vampiric whip
 x - a +3 spear of flaming
 C - a +2 dire flail of protection
 J - a +0 trident of holy wrath
 Y - a +2 scimitar of flaming
Missiles
 n - 28 sling bullets
 r - a throwing net
 y - 7 javelins (quivered)
Armour
 O - a +2 hat (worn)
 T - the cursed +0 cloak of Aticoimm (worn) {Dex+4 SInv}
   (You found it on level 9 of the Dungeon)

   It affects your dexterity (+4).
   It lets you see invisible.
   It has a curse placed upon it.
Jewellery
 k - a cursed ring of loudness {unknown}
 q - a cursed ring of loudness {unknown}
 s - an uncursed amulet of dismissal
 M - a +3 amulet of reflection {unknown}
 S - an uncursed ring of magical power {unknown}
Wands
 u - a wand of lightning (9/15)
 B - a wand of random effects (23/48)
 P - a wand of lightning (10/15)
 U - a wand of flame (31/48)
 W - a wand of paralysis (21/24)
 X - a wand of iceblast (7/15)
Scrolls
 a - a scroll of teleportation
 c - a scroll of blinking {unknown}
 e - 4 scrolls of fog
 i - 3 scrolls of remove curse
 j - 3 scrolls of identify
 t - 6 scrolls of amnesia
 z - 7 scrolls of random uselessness
 F - a scroll of recharging
 G - 2 scrolls of enchant weapon
 N - a scroll of fear {unknown}
 Q - a scroll of noise {unknown}
Potions
 f - 2 potions of agility {unknown}
 g - 2 potions of curing
 h - a potion of heal wounds
 l - 2 potions of cancellation
 p - a potion of resistance
 A - a potion of brilliance
 E - 2 potions of might
 H - 2 potions of mutation
 L - a potion of lignification {unknown}
Comestibles
 b - 5 bread rations
 m - 8 beef jerkies
 D - 3 fruits
 I - a slice of pizza
 K - 2 meat rations
 R - 4 chunks of flesh
 V - a royal jelly


   Skills:
 + Level 9.3 Fighting
 + Level 10.4 Maces & Flails
 + Level 5.2 Polearms
 + Level 8.0 Dodging
 + Level 5.0 Stealth


You had 9 spell levels left.
You didn't know any spells.

Dungeon Overview and Level Annotations

Branches:
Dungeon (10/15)            Temple (0/1) D:4            Lair (0/6) D:9
    Orc: D:9-12

Altars:
Ashenzari
Elyvilon
Fedhas
Hepliaklqana
Makhleb
Nemelex Xobeh
Okawaru
Qazlal
Ru
Sif Muna
Vehumet
Zin

Shops:
D:5 (   D:8 }   D:9 }

Annotations:
D:8 ghost, Bzzz's ghost, novice SpAs


Innate Abilities, Weirdness & Mutations

You can spit globs of acid.
You are resistant to acid.
Your golden yellow scales are hard. (AC +7)
You cannot fit into any form of body armour.
You are cold-blooded and may be slowed by cold attacks.
You tend to lose your temper in combat.
You are frail. (-10% HP)
You passively map a small area around you.


Message History

a whip; a ring mail; an orc skeleton
Items here: )) [ † a flail; a scimitar; a plate armour; an orc corpse You feel less exhausted.
Found a stone staircase leading down.
Found a plate armour.
A white ugly thing comes into view.
The white ugly thing gurgles horribly!
The white ugly thing kicks you. The white ugly thing freezes you!!
You feel yourself slow down.
You hit the white ugly thing but do no damage.
There is a sudden explosion of sparks!
You tail-slap the white ugly thing.
The white ugly thing is lightly wounded.
The white ugly thing kicks you! The white ugly thing freezes you!!
* * * LOW HITPOINT WARNING * * *
You feel yourself speed up. The white ugly thing kicks you.
* * * LOW HITPOINT WARNING * * *
The white ugly thing freezes you!!
You die...

,* * , , * , , * ,,,, ,
, * .# , * .#
#.######### .######
#.......@.# *
.#....#######...#u###.#
.....>....# #.#.#.....#
##....###.# #.#.#####.#
##....###.# #.#.#
.[......#.###.#.# ,
######........#.. ,
#...########* ##..#


You could see a white ugly thing.

Vanquished Creatures
  Erica (D:8)
  An ugly thing (D:9)
  Joseph (D:8)
  A troll (D:9)
  A hippogriff (D:7)
  Sigmund (D:5)
  A wyvern (D:8)
  6 yaks (D:9)
  A hungry ghost (D:9)
  Edmund (D:4)
  The ghost of Bzzz the Covert, an amateur SpAs (D:4)
  3 sky beasts
  2 orc warriors
  2 ice beasts (D:8)
  2 black bears
  A necrophage (D:9)
  4 centaurs
  5 ogres
  6 bullfrogs
  Blork the orc (D:5)
  3 scorpions
  9 killer bees
  3 crimson imps
  2 hounds
  A bullfrog zombie (D:10)
  2 jellies (D:10)
  Crazy Yiuf (D:3)
  7 orc priests
  4 iguanas
  13 orc wizards
  8 worker ants
  A killer bee zombie (D:7)
  8 gnolls
  17 adders
  A river rat (D:9)
  A shadow imp (D:6)
  4 worms
  A dart slug (D:3)
  4 leopard geckos
  24 orcs
  2 giant cockroaches
  7 goblins
  6 hobgoblins
  17 jackals
  6 quokkas
  5 bats
  6 frilled lizards
  7 kobolds
  2 leopard gecko skeletons
  18 rats
232 creatures vanquished.

Vanquished Creatures (others)
  2 fungi (D:9)
  A plant (D:4)
3 creatures vanquished.

Grand Total: 235 creatures vanquished

Notes
Turn   | Place    | Note
-------+----------+-------------------------------------------
     0 | D:1      | arcticwasd the Draconian Berserker began the quest for the Orb.
     0 | D:1      | Reached XP level 1. HP: 19/19 MP: 1/1
   114 | D:1      | Reached XP level 2. HP: 26/26 MP: 2/2
  1075 | D:2      | Reached XP level 3. HP: 31/31 MP: 3/3
  1167 | D:2      | Reached ** piety under Trog
  1224 | D:2      | Found a shattered altar of Ashenzari.
  2018 | D:2      | Found an iron altar of Okawaru.
  2185 | D:3      | Reached XP level 4. HP: 31/40 MP: 4/4
  2378 | D:3      | Found a sacrificial altar of Ru.
  2533 | D:3      | Reached XP level 5. HP: 39/46 MP: 5/5
  2656 | D:3      | Found a runed door.
  2742 | D:3      | Reached skill level 1 in Stealth
  2756 | D:3      | Reached skill level 1 in Maces & Flails
  2975 | D:3      | Noticed Crazy Yiuf
  2985 | D:3      | Killed Crazy Yiuf
  3087 | D:4      | Found a staircase to the Ecumenical Temple.
  3118 | D:4      | Reached XP level 6. HP: 26/53 MP: 6/6
  3327 | D:3      | Reached *** piety under Trog
  3337 | D:3      | Reached skill level 2 in Maces & Flails
  3392 | D:4      | Noticed Edmund
  3411 | D:4      | Killed Edmund
  3545 | D:4      | Found a hazy altar of Hepliaklqana.
  3555 | D:4      | Found a sparkling altar of Nemelex Xobeh.
  3596 | D:4      | Reached skill level 3 in Maces & Flails
  3687 | D:4      | Your scales start taking on a golden yellow colour.
  3687 | D:4      | Reached XP level 7. HP: 60/60 MP: 7/7
  3719 | D:4      | Noticed Bzzz's ghost (amateur SpAs)
  3732 | D:4      | Killed Bzzz's ghost
  3732 | D:4      | Reached skill level 5 in Fighting
  3825 | D:4      | Reached skill level 4 in Maces & Flails
  3825 | D:4      | Reached skill level 5 in Dodging
  4242 | D:5      | Entered Level 5 of the Dungeon
  4242 | D:5      | Found Mounloha's Antique Weapon Shop.
  4318 | D:5      | Noticed Blork the orc
  4333 | D:5      | Killed Blork the orc
  4333 | D:5      | Reached XP level 8. HP: 69/69 MP: 8/8
  4491 | D:5      | Noticed Sigmund
  4506 | D:5      | Killed Sigmund
  4506 | D:5      | Reached skill level 5 in Maces & Flails
  4546 | D:5      | Found a stormy altar of Qazlal.
  4551 | D:5      | Found a blossoming altar of Fedhas.
  4914 | D:6      | Found a glowing silver altar of Zin.
  4987 | D:6      | Reached **** piety under Trog
  5191 | D:6      | Reached skill level 6 in Maces & Flails
  5210 | D:6      | Found a white marble altar of Elyvilon.
  5233 | D:6      | Identified the Incunabulum of Calculation
  5324 | D:6      | Found a burning altar of Makhleb.
  5324 | D:6      | Found a radiant altar of Vehumet.
  5839 | D:7      | Reached skill level 7 in Maces & Flails
  5839 | D:7      | Reached XP level 9. HP: 78/78 MP: 9/9
  6354 | D:7      | Found a deep blue altar of Sif Muna.
  6817 | D:8      | Noticed Erica
  6823 | D:8      | Noticed Joseph
  6835 | D:9      | Reached skill level 8 in Maces & Flails
  7016 | D:9      | Found Nesm's Gadget Emporium.
  7070 | D:9      | Noticed a troll
  7081 | D:9      | Killed a troll
  7088 | D:9      | Got an encrusted cloak
  7168 | D:9      | Identified the cursed +0 cloak of Aticoimm {Dex+4 SInv} (You found it on level 9 of the Dungeon)
  7186 | D:9      | Found a staircase to the Lair.
  7259 | D:9      | Reached ***** piety under Trog
  7363 | D:9      | Reached skill level 9 in Maces & Flails
  7367 | D:9      | Reached XP level 10. HP: 88/88 MP: 10/10
  7564 | D:9      | Noticed a purple ugly thing
  7579 | D:9      | Killed a purple ugly thing
  8036 | D:8      | Found Mumekhotz's Gadget Shop.
  8039 | D:8      | Bought a wand of paralysis (6/24) for 80 gold pieces
  8108 | D:8      | Killed Erica
  8108 | D:8      | Reached skill level 5 in Polearms
  8111 | D:8      | Noticed Bzzz's ghost (novice SpAs)
  8330 | D:8      | Reached skill level 10 in Maces & Flails
  8393 | D:8      | Killed Joseph
  8808 | D:9      | Gained mutation: You tend to lose your temper in combat. [potion of mutation]
  8808 | D:9      | Gained mutation: You passively map a small area around you. [potion of mutation]
  8808 | D:9      | Gained mutation: You are frail. (-10% HP) [potion of mutation]
  9008 | D:8      | Reached skill level 5 in Stealth
  9557 | D:10     | Entered Level 10 of the Dungeon
  9861 | D:10     | Noticed a white ugly thing
  9865 | D:10     | Mangled by a white ugly thing

Vault maps used:
D:1:      ncdulo_halloftheorcs, serial_forest, infiniplex_forest_straight_2,
          infiniplex_forest_zigzag_1, infiniplex_forest_clump_tiny,
          infiniplex_forest_straight_2, infiniplex_forest_lined_room_2,
          infiniplex_forest_clump_small, infiniplex_forest_corner_2,
          infiniplex_forest_lined_3_way
D:2:      okawaru_gym_becter, marbit_many_paths, minmay_pentomino_p4
D:3:      old_standard_altar, uniq_crazy_yiuf_cottage
D:4:      amethyst_overflow_temple_binary, first_bread, serial_bayou_lagoon_a,
          uniq_edmund
D:5:      grunt_temple_overflow_forces_of_nature, serial_shops,
          nicolae_shop_statue_plus, st_stairs_5, uniq_blork_the_orc,
          uniq_sigmund
D:6:      grunt_temple_overflow_lords_of_destruction, elyvilon_altar_3,
          zin_statuary
D:7:      led_sif_book
D:8:      serial_shops, nicolae_shop_window_shopping, serial_glass,
          glass_columns_b, glass_columns_a, grunt_ogre_cave, st_stairs_11,
          uniq_erica, uniq_joseph
D:9:      due_lair_maze_entry_diamond, serial_shops, shop
D:10:     minmay_misc_feat_tower

Skill      XL: |  1  2  3  4  5  6  7  8  9 10 |
---------------+-------------------------------+-----
Dodging        | 3 4 5 6 7 8 |  8.0
Fighting       | 4 5 6 8 9 |  9.3
Polearms       | 4 5 |  5.2
Stealth        | 1 2 3 5 |  5.0
Maces & Flails | 1 3 4 7 9 10 | 10.4

Action                   |  1- 3 |  4- 6 |  7- 9 | 10-12 || total
-------------------------+-------+-------+-------+-------++-------
Melee: Spear             |   167 |     1 |    26 |       ||   194
       Tailslap          |    12 |    23 |    44 |    31 ||   110
       Whip              |       |   149 |   204 |   194 ||   547
       Dire flail        |       |       |   127 |       ||   127
       Trident           |       |       |     6 |    25 ||    31
Invok: Berserk           |     2 |     5 |    12 |    10 ||    29
       Burn Spellbooks   |       |       |     1 |     1 ||     2
  Use: Scroll            |       |       |     8 |     4 ||    12
       Potion            |       |       |     7 |    10 ||    17
 Stab: Sleeping          |     1 |       |     2 |     3 ||     6
  Eat: Chunk             |     6 |     6 |    20 |     9 ||    41
       Bread ration      |       |     1 |     1 |     2 ||     4
       Fruit             |       |       |       |     3 ||     3
Armor: Skin              |    43 |    29 |   100 |    70 ||   242
Dodge: Dodged            |   104 |    92 |   243 |   149 ||   588
